 Dungeon Crawl Stone Soup version 0.29-a0-451-gfbfa42419e (webtiles) character file.

Game seed: 15955157527493232055

50 xian the Vexing (level 3, 0/28 HPs)
             Began as a Gnoll Arcane Marksman on May 19, 2022.
             Slain by a quokka (3 damage)
             ... on level 3 of the Dungeon.
             The game lasted 00:04:07 (1210 turns).

xian the Vexing (Gnoll Arcane Marksman)             Turns: 1210, Time: 00:04:07

Health: 0/28       AC:  3    Str:  9    XL:     3   Next: 79%
Magic:  7/7        EV: 13    Int: 12    God:
Gold:   97         SH:  0    Dex: 14    Spells: 6/7 levels left

rFire   + . .      SeeInvis .   a - +0 hand crossbow
rCold   x . .      Faith    .   (no shield)
rNeg    . . .      Spirit   .   e - +0 leather armour
rPois   .          Reflect  .   (no helmet)
rElec   .          Harm     .   (no cloak)
rCorr   .          Rampage  .   (no gloves)
Will    .....                   (no boots)
Stlth   +.........              (no amulet)
HPRegen 0.09/turn               g - ring of fire
MPRegen 0.10/turn               (no ring)

@: no status effects
A: fangs 1, strong nose, distributed training
a: no special abilities


You were on level 3 of the Dungeon.
You visited 1 branch of the dungeon, and saw 3 of its levels.

You collected 97 gold pieces.

Inventory:

Hand Weapons
 a - a +0 hand crossbow (weapon)
 b - a +0 rapier of draining
Armour
 e - a +0 leather armour (worn)
Jewellery
 g - a ring of fire (left hand)
Scrolls
 c - a scroll of vulnerability
 f - 4 scrolls of identify {unknown}
 h - 2 scrolls of magic mapping {unknown}
 i - a scroll of noise {unknown}
 j - a scroll of poison {unknown}
 k - a scroll of teleportation {unknown}
 m - a scroll of acquirement {unknown}
 n - 2 scrolls of amnesia {unknown}
 q - a scroll of fog {unknown}
 r - a scroll of enchant armour {unknown}
 s - a scroll of fear {unknown}
Potions
 d - a potion of invisibility {unknown}
 l - a potion of haste {unknown}
 o - a potion of cancellation {unknown}
 p - a potion of lignification {unknown}


   Skills:
 + Level 2.6 Fighting
 + Level 1.0 Short Blades
 + Level 1.0 Long Blades
 + Level 1.0 Axes
 + Level 1.0 Maces & Flails
 + Level 1.0 Polearms
 + Level 1.0 Staves
 + Level 1.0 Slings
 + Level 1.0 Bows
 + Level 4.6 Crossbows
 + Level 1.0 Throwing
 + Level 1.0 Armour
 + Level 4.6 Dodging
 + Level 1.0 Stealth
 + Level 1.0 Shields
 + Level 1.0 Unarmed Combat
 + Level 2.9 Spellcasting
 + Level 0.7 Conjurations
 + Level 5.4 Hexes
 + Level 0.7 Summonings
 + Level 0.7 Necromancy
 + Level 0.7 Translocations
 + Level 0.7 Transmutations
 + Level 0.7 Fire Magic
 + Level 0.7 Ice Magic
 + Level 0.7 Air Magic
 + Level 0.7 Earth Magic
 + Level 0.7 Poison Magic
 + Level 1.0 Invocations
 + Level 1.0 Evocations


You had 6 spell levels left.
You knew the following spells:

 Your Spells              Type           Power      Damage    Failure   Level
a - Slow                  Hex            56%        N/A       3%          1

Your spell library contained the following spells:

 Spells                   Type           Power      Damage    Failure   Level
 Shock                    Conj/Air       12%        1d3       26%         1
 Inner Flame              Hex/Fire       13%        N/A       28%         3
 Portal Projectile        Hex/Tloc       18%        N/A       28%         3
 Cause Fear               Hex            7%         N/A       34%         4
 Swiftness                Air            3%         N/A       58%         3
 Airstrike                Air            1%         N/A       94%         4


Dungeon Overview and Level Annotations

Branches:
Dungeon (3/15)

Altars:


Innate Abilities, Weirdness & Mutations

You have very sharp teeth.
Your uncanny sense of smell can sniff out nearby items.
Your experience applies equally to all skills.


Message History

Aim: a quokka (severely wounded, 53% to hit)
You shoot a bolt. The bolt hits the orc.
The orc is severely wounded.
The orc barely misses you.
Shoot: a) +0 hand crossbow
Press: ? - help, Q - select action, (/) - cycle Shift-Dir - straight line, f/p - quokka
Aim: a quokka (severely wounded, 53% to hit)
You shoot a bolt. The bolt hits the orc!
You kill the orc!
The quokka misses you.
Your Short Blades skill increases to level 1!
Your Long Blades skill increases to level 1!
Your Axes skill increases to level 1!
Your Maces & Flails skill increases to level 1!
Your Polearms skill increases to level 1!
Your Staves skill increases to level 1!
Your Slings skill increases to level 1!
Your Bows skill increases to level 1!
Your Throwing skill increases to level 1!
Your Armour skill increases to level 1!
Your Stealth skill increases to level 1!
Your Shields skill increases to level 1!
Your Unarmed Combat skill increases to level 1!
Your Evocations skill increases to level 1!
Shoot: a) +0 hand crossbow
Press: ? - help, Q - select action, (/) - cycle Shift-Dir - straight line, f - orc, p - quokka
Aim: an orc, wielding a +2 whip of venom and wearing a +0 leather armour (63% to hit)
You shoot a bolt.
The bolt hits the quokka but does no damage.
The quokka is severely wounded.
The quokka bites you.
* * * LOW HITPOINT WARNING * * *
The quokka closely misses you.
Shoot: a) +0 hand crossbow
Press: ? - help, Q - select action, (/) - cycle Shift-Dir - straight line, f/p - orc
Aim: an orc, wielding a +2 whip of venom and wearing a +0 leather armour (63% to hit)
You shoot a bolt. The bolt barely misses the quokka.
The bolt closely misses the orc.
The bolt barely misses the orc.
The quokka bites you.
You die...

∆ .# .# ###.#
+@#.# #r#.#
#.#..# #o#.#
#....#### #o..#
#........ ##..#
#........ #..#
#........ #..#
#........
#..####.....?..
∆∆
#...........(..


You could see 2 orcs and a quokka.

Vanquished Creatures
  An adder (D:2)
  A worm (D:2)
  2 orcs (D:3)
  4 ball pythons
  8 endoplasms
  4 goblins
  4 hobgoblins
  A quokka (D:3)
  5 bats
  3 frilled lizards (D:1)
  A rat (D:3)
34 creatures vanquished.

Vanquished Creatures (others)
  An endoplasm (D:2)
1 creature vanquished.

Grand Total: 35 creatures vanquished

Notes
Turn   | Place    | Note
-------+----------+-------------------------------------------
     0 | D:1      | xian the Gnoll Arcane Marksman began the quest for the Orb.
     0 | D:1      | Reached XP level 1. HP: 17/17 MP: 4/4
   133 | D:1      | Reached XP level 2. HP: 23/23 MP: 5/5
   273 | D:1      | Found a faded altar of an unknown god.
   725 | D:2      | Reached XP level 3. HP: 28/28 MP: 7/7
   877 | D:2      | Reached skill level 1 in Invocations
  1209 | D:3      | Reached skill level 1 in Short Blades
  1209 | D:3      | Reached skill level 1 in Long Blades
  1209 | D:3      | Reached skill level 1 in Axes
  1209 | D:3      | Reached skill level 1 in Maces & Flails
  1209 | D:3      | Reached skill level 1 in Polearms
  1209 | D:3      | Reached skill level 1 in Staves
  1209 | D:3      | Reached skill level 1 in Slings
  1209 | D:3      | Reached skill level 1 in Bows
  1209 | D:3      | Reached skill level 1 in Throwing
  1209 | D:3      | Reached skill level 1 in Armour
  1209 | D:3      | Reached skill level 1 in Stealth
  1209 | D:3      | Reached skill level 1 in Shields
  1209 | D:3      | Reached skill level 1 in Unarmed Combat
  1209 | D:3      | Reached skill level 1 in Evocations
  1210 | D:3      | Slain by a quokka

Illustrated notes

Levels and vault maps discovered:
D:1:      mrwooster_arrival_arrow, layout_rooms,
          hellmonk_ecumenical_altar_run_dry, wad_floor_pattern_1
D:2:      layout_basic, lemuel_old_faithful
D:3:      layout_basic, pdpol_wu_jian_five_deadly_venoms,
          small_statue_intersection

Skill      XL: |  1  2  3 |
---------------+----------+-----
Invocations    | 1 |  1.0
Short Blades   | 1 |  1.0
Long Blades    | 1 |  1.0
Axes           | 1 |  1.0
Maces & Flails | 1 |  1.0
Polearms       | 1 |  1.0
Staves         | 1 |  1.0
Slings         | 1 |  1.0
Bows           | 1 |  1.0
Throwing       | 1 |  1.0
Armour         | 1 |  1.0
Stealth        | 1 |  1.0
Shields        | 1 |  1.0
Unarmed Combat | 1 |  1.0
Evocations     | 1 |  1.0
Fighting       | |  2.6
Crossbows      | |  4.6
Dodging        | |  4.6
Spellcasting   | |  2.9
Conjurations   | |  0.7
Hexes          | |  5.4
Summonings     | |  0.7
Necromancy     | |  0.7
Translocations | |  0.7
Transmutations | |  0.7
Fire Magic     | |  0.7
Ice Magic      | |  0.7
Air Magic      | |  0.7
Earth Magic    | |  0.7
Poison Magic   | |  0.7

Action                   || total
-------------------------++-------
Melee: Rapier            ||     7
 Fire: Hand crossbow     ||   100
 Cast: Slow              ||     3
Armor: Leather armour    ||    17
Dodge: Dodged            ||    43

Table legend: (Time is in decaauts)
 A = Elapsed time spent in this place.
 B = Non-inter-level travel time spent in this place.
 C = Inter-level travel time spent in this place.
 D = Time resting spent in this place.
 E = Time spent auto-exploring this place.
 F = Levels seen in this place.
 G = Mean time per level.
                   A        B        C        D        E       F      G
               +--------+--------+--------+--------+--------+-----+--------+
         Total |   1239 |   1211 |     28 |      0 |    929 |   3 |  413.0 |
       Dungeon |   1239 |   1211 |     28 |      0 |    929 |   3 |  413.0 |
               +--------+--------+--------+--------+--------+-----+--------+

Top non-repeatable levels by time:
     D:2: 570 daAuts
     D:1: 558 daAuts
     D:3: 111 daAuts
